 Dungeon Crawl Stone Soup version 0.19.1 (webtiles) character file.

35823 Nydiazath the Fighter (level 13, -11/90 HPs)
             Began as a Gargoyle Fighter on Dec 26, 2016.
             Was the Champion of Okawaru.
             Killed from afar by an ogre mage (66 damage)
             ... with a crystal spear
             ... on level 15 of the Dungeon.
             The game lasted 00:36:48 (12297 turns).

Nydiazath the Fighter (Gargoyle Fighter)           Turns: 12297, Time: 00:37:18

Health: -11/90     AC: 25    Str: 27    XL:     13   Next: 86%
Magic:  6/6        EV: 10    Int:  9    God:    Okawaru [******]
Gold:   595        SH: 10    Dex: 13    Spells: 0 memorised, 12 levels left

rFire  . . .     SeeInvis +     J - +5 demon whip "Spellbinder" {antimagic, MR+}
rCold  + . .     Gourm    .     b - +0 scale mail
rNeg   + . .     Faith    .     e - +3 buckler
rPois  ∞         Spirit   .     D - +1 hat {SInv}
rElec  +         Reflect  .     q - +0 cloak
rCorr  .         Harm     .     M - +2 pair of gloves
MR     ++...                    C - +0 pair of boots
Stlth  ..........               a - amulet "Ciestrioga" {Fragile rPois rC+ Regen+}
                                W - ring of protection from magic
                                Z - +6 ring of strength

@: no status effects
A: hooves 1, negative energy resistance 1, electricity resistance, unbreathing,
petrification resistance, rot immunity, AC +9
a: Heroism, Finesse, Renounce Religion


You were on level 15 of the Dungeon.
You worshipped Okawaru.
Okawaru was exalted by your worship.
You were not hungry.

You visited 2 branches of the dungeon, and saw 16 of its levels.
You also visited: Sewer.

You collected 686 gold pieces.
You spent 91 gold pieces at shops.

Inventory:

Hand Weapons
 J - the +5 demon whip "Spellbinder" (weapon) {antimagic, MR+}
   (You found it on level 6 of the Dungeon)

   It reduces the magical energy of the wielder, and disrupts the spells and
   magical abilities of those hit.
   Natural abilities and divine invocations are not affected.
   It affects your resistance to hostile enchantments.
Armour
 b - a +0 scale mail (worn)
 e - a +3 buckler (worn)
 q - a +0 cloak (worn)
 C - a +0 pair of boots (worn)
 D - a +1 hat of see invisible (worn)
 M - a +2 pair of gloves (worn)
Jewellery
 a - the amulet "Ciestrioga" (around neck) {Fragile rPois rC+ Regen+}
   (You took it off a wizard on level 14 of the Dungeon)

   [amulet of regeneration]

   It protects you from cold.
   It protects you from poison.
   It increases your rate of regeneration.
   It will be destroyed if unequipped.
 j - an uncursed ring of see invisible
 G - an uncursed amulet of regeneration
 W - a ring of protection from magic (right hand)
 Z - a +6 ring of strength (left hand)
Wands
 A - a wand of random effects (27/48)
 L - a wand of paralysis (18/24)
 Q - a wand of lightning (15/15)
 R - a wand of flame (27/48)
Scrolls
 d - a scroll of blinking
 l - 3 scrolls of fog
 m - 5 scrolls of recharging
 o - 7 scrolls of teleportation
 s - 3 scrolls of identify
 t - 2 scrolls of random uselessness
 u - 5 scrolls of enchant armour
 v - 4 scrolls of remove curse
 z - 5 scrolls of amnesia
 H - 2 scrolls of magic mapping
 K - a scroll of enchant weapon
Potions
 h - 3 potions of agility
 k - a potion of heal wounds
 p - 5 potions of curing
 r - 4 potions of flight
 x - 2 potions of magic
 B - 6 potions of lignification
 N - 2 potions of cancellation
 O - 2 potions of brilliance
 P - a potion of ambrosia
 V - a potion of haste
 Y - a potion of mutation
Books
 c - a book of Conjurations

   Spells                             Type                      Level
   a - Magic Dart                     Conjuration                  1
   b - Searing Ray                    Conjuration                  2
   c - Dazzling Spray                 Conjuration/Hexes            3
   d - Fulminant Prism                Conjuration/Hexes            4
   e - Iskenderun's Mystic Blast      Conjuration                  4
   f - Iskenderun's Battlesphere      Conjuration/Charms           5
 n - Kikubaaqudgha's Compendium of Stolen Souls
   (You found it on level 2 of the Dungeon)

   Spells                             Type                      Level
   a - Pain                           Necromancy                   1
 w - a book of Power

   Spells                             Type                      Level
   a - Fulminant Prism                Conjuration/Hexes            4
   b - Iskenderun's Mystic Blast      Conjuration                  4
   c - Venom Bolt                     Conjuration/Poison           5
   d - Bolt of Magma                  Conjuration/Fire/Earth       5
   e - Iron Shot                      Conjuration/Earth            6
   f - Orb of Destruction             Conjuration                  7
   g - Spellforged Servitor           Conjuration/Summoning        7
 y - a book of Minor Magic

   Spells                             Type                      Level
   a - Magic Dart                     Conjuration                  1
   b - Blink                          Translocation                2
   c - Call Imp                       Summoning                    2
   d - Repel Missiles                 Charms/Air                   2
   e - Slow                           Hexes                        2
   f - Conjure Flame                  Conjuration/Fire             3
   g - Mephitic Cloud                 Conjuration/Poison/Air       3
 I - a book of Flames

   Spells                             Type                      Level
   a - Flame Tongue                   Conjuration/Fire             1
   b - Throw Flame                    Conjuration/Fire             2
   c - Conjure Flame                  Conjuration/Fire             3
   d - Inner Flame                    Hexes/Fire                   3
   e - Sticky Flame                   Conjuration/Fire             4
   f - Fireball                       Conjuration/Fire             5
Comestibles
 f - 11 bread rations
 g - 5 meat rations
 i - 4 chunks of flesh
 E - a royal jelly
 F - 5 slices of pizza
 S - 9 beef jerkies


   Skills:
 + Level 14.2 Fighting
 - Level 12.0 Maces & Flails
 + Level 9.9 Armour
 - Level 11.3 Shields
 + Level 9.2 Invocations


You had 12 spell levels left.
You didn't know any spells.

Dungeon Overview and Level Annotations

Branches:
Dungeon (15/15)            Temple (1/1) D:5            Lair (0/6) D:11
    Orc (0/2) D:12         Vaults (0/5) D:14         Depths (0/5) D:15

Altars:
Ashenzari
Cheibriados
Elyvilon
Fedhas
Gozag
Hepliaklqana
Kikubaaqudgha
Makhleb
Nemelex Xobeh
Okawaru
Qazlal
Ru
Sif Muna
Trog
Uskayaw
Vehumet
Xom
Yredelemnul
Zin
The Shining One
Lugonu

Shops:
D:4 ?   D:10 [   D:11 }%

Portals:
Trove: D:14 (give +2 ice dragon scales)

Annotations:
Abyss:1 Prince Ribbit


Innate Abilities, Weirdness & Mutations

You are resistant to torment.
Your stone body is resilient. (AC +9)
You are immune to poison.
You resist negative energy. (rN+)
You are resistant to electric shocks. (rElec)
You can survive without breathing.
You are immune to petrification.
You are immune to rotting.
You have large cloven feet.


Message History

The ogre mage hits you but does no damage.
You barely miss the tengu warrior.
The tengu warrior is almost dead.
The tengu warrior hits you with an enchanted great mace.
The tengu warrior barely misses you. The tengu warrior claws you.
You barely miss the tengu warrior.
The tengu warrior is almost dead.
The ogre mage points at you and mumbles some strange words.
The crystal spear misses you.
You whack the tengu warrior!
You kill the tengu warrior!
Okawaru is honoured by your kill.
The unseen horror completely misses you.
You hit the unseen horror.
The unseen horror is lightly wounded.
The unseen horror barely misses you.
The ogre mage points at you and mumbles some strange words.
The crystal spear hits you!
Ouch! That really hurt!
You die...

... ## ... .# ....
#####.#.(. #.....#..
#.O#.#.# #. #.#[.x#
.###.###.####...@.#
.#.. ..#......#..>#
.#.# #.#..####.####.#
...# #.#..#⌠..#.....#
.#.###)...#.....#####
.#....!...#.?.#.#
.....#)#.#.#.#..#
#.####....#.....# #.#
#....#.#####


You could see an ogre mage and an unseen horror (invisible).

Vanquished Creatures
  A tengu reaver (D:12)
  Snorg (D:13)
  2 centaur warriors (D:14)
  A death knight (D:10)
  An ogre mage (D:15)
  4 tengu warriors (D:15)
  Urug (D:13)
  A sixfirhy (D:10)
  A deep troll (D:15)
  2 unseen horrors (D:13)
  7 hill giants
  2 wizards
  A necromancer (D:11)
  A cyclops (D:13)
  A shining eye (shapeshifter) (D:15)
  3 manticores
  The ghost of dscm the Shield-Bearer, a novice OpFi of Cheibriados (D:5)
  A deep elf mage (D:13)
  4 gargoyles
  A black mamba (D:14)
  A komodo dragon (D:12)
  3 centaur skeletons
  4 freezing wraiths
  A wolf spider simulacrum (D:15)
  2 trolls
  A harpy zombie (D:14)
  10 slime creatures (D:13)
  A two-headed ogre (D:14)
  A hornet (D:12)
  5 hippogriffs
  A centaur simulacrum (D:14)
  A shadow (D:13)
  A wyvern (D:10)
  2 wraiths
  8 yaks
  3 steam dragons
  A hungry ghost (D:13)
  3 wargs
  A soldier ant (D:11)
  4 vampire mosquitoes
  4 ice beasts
  5 sky beasts
  Purgy (Sewer)
  An eye of draining (D:9)
  2 phantoms
  5 orc warriors
  5 ogres
  13 centaurs
  Blork the orc (D:4)
  3 big kobolds
  4 bullfrogs
  4 scorpions
  10 killer bees
  22 wights
  4 howler monkeys
  4 crimson imps
  3 bullfrog zombies
  4 centaur zombies
  2 hounds
  A hound (shapeshifter) (D:14)
  Crazy Yiuf (D:2)
  2 jellies
  11 orc wizards
  A bullfrog skeleton (D:13)
  5 orc priests
  6 iguanas
  9 worker ants
  2 hound zombies
  2 hound skeletons
  2 worker ant zombies
  3 gnolls (D:5)
  9 adders
  A river rat (D:4)
  2 shadow imps
  An ooze (D:3)
  An adder zombie (D:6)
  2 dart slugs
  4 leopard geckos
  41 orcs
  3 giant cockroaches
  8 goblins
  7 hobgoblins
  11 jackals
  3 quokkas
  8 ball pythons
  9 bats
  9 frilled lizards
  20 kobolds
  5 rats
377 creatures vanquished.

Vanquished Creatures (others)
  A crimson imp (D:11)
  An orc wizard (D:11)
2 creatures vanquished.

Grand Total: 379 creatures vanquished

Notes
Turn   | Place    | Note
-------+----------+-------------------------------------------
     0 | D:1      | Nydiazath the Gargoyle Fighter began the quest for the Orb.
     0 | D:1      | Reached XP level 1. HP: 14/14 MP: 1/1
    80 | D:1      | Reached XP level 2. HP: 13/19 MP: 2/2
   443 | D:1      | You fall through a shaft!
   444 | D:2      | Found a hazy altar of Hepliaklqana.
   565 | D:1      | Reached XP level 3. HP: 23/23 MP: 3/3
   818 | D:2      | Found an ancient bone altar of Kikubaaqudgha.
   818 | D:2      | Found a deep blue altar of Sif Muna.
   820 | D:2      | Found a radiant altar of Vehumet.
   822 | D:2      | Identified Kikubaaqudgha's Compendium of Stolen Souls
  1058 | D:2      | Found a runed door.
  1404 | D:2      | Noticed Crazy Yiuf
  1412 | D:2      | Killed Crazy Yiuf
  1412 | D:2      | Reached XP level 4. HP: 28/28 MP: 4/4
  1664 | D:3      | Found a shattered altar of Ashenzari.
  1682 | D:3      | Reached skill level 5 in Maces & Flails
  1682 | D:3      | Reached XP level 5. HP: 25/32 MP: 5/5
  2027 | D:4      | Found a stormy altar of Qazlal.
  2053 | D:4      | Found an opulent altar of Gozag.
  2107 | D:4      | Noticed Blork the orc
  2107 | D:4      | Found a white marble altar of Elyvilon.
  2115 | D:4      | Killed Blork the orc
  2122 | D:4      | Reached XP level 6. HP: 30/37 MP: 6/6
  2145 | D:4      | Found a glowing drain.
  2179 | Sewer    | Entered a sewer
  2211 | Sewer    | Noticed Purgy
  2240 | Sewer    | Killed Purgy
  2616 | D:4      | Found a white marble altar of Elyvilon.
  2907 | D:4      | Reached XP level 7. HP: 41/41 MP: 7/7
  2947 | D:4      | Found Plog's Magic Scroll Boutique.
  2952 | D:4      | Bought a scroll of identify for 26 gold pieces
  2952 | D:4      | Bought a scroll of remove curse for 39 gold pieces
  2952 | D:4      | Bought a scroll of identify for 26 gold pieces
  3400 | D:5      | Entered Level 5 of the Dungeon
  3402 | D:5      | Found a staircase to the Ecumenical Temple.
  3404 | D:5      | Found a blossoming altar of Fedhas.
  3436 | Temple   | Entered the Ecumenical Temple
  3471 | Temple   | Became a worshipper of Warmaster Okawaru
  3519 | D:5      | Found a shimmering altar of Xom.
  3850 | D:5      | Found a bloodstained altar of Trog.
  3865 | D:5      | Noticed dscm's ghost (novice OpFi)
  3900 | D:5      | Killed dscm's ghost
  3900 | D:5      | Reached * piety under Okawaru
  3900 | D:5      | Reached skill level 10 in Maces & Flails
  3900 | D:5      | Reached XP level 8. HP: 25/46 MP: 8/8
  5043 | D:7      | Reached XP level 9. HP: 51/51 MP: 3/9
  5784 | D:8      | Reached ** piety under Okawaru
  5869 | D:8      | Reached skill level 4 in Fighting
  5870 | D:8      | Noticed a manticore
  5881 | D:8      | Killed a manticore
  5986 | D:8      | Found a snail-covered altar of Cheibriados.
  6160 | D:8      | Reached skill level 5 in Fighting
  6178 | D:8      | Reached *** piety under Okawaru
  6233 | D:8      | Reached skill level 5 in Shields
  6542 | D:9      | Found a sparkling altar of Nemelex Xobeh.
  6601 | D:9      | Found a bloodstained altar of Trog.
  6824 | D:9      | Noticed Prince Ribbit
  6825 | D:9      | Banished Prince Ribbit
  6825 | D:9      | Reached skill level 6 in Fighting
  6825 | D:9      | Reached XP level 10. HP: 60/60 MP: 3/10
  7062 | D:10     | Entered Level 10 of the Dungeon
  7100 | D:10     | Reached skill level 7 in Fighting
  7101 | D:10     | Reached **** piety under Okawaru
  7132 | D:10     | Found Gipnorcho's Armour Emporium.
  7310 | D:10     | Noticed a gargoyle
  7325 | D:10     | Killed a gargoyle
  7482 | D:10     | Noticed a sixfirhy
  7644 | D:10     | Reached skill level 8 in Fighting
  7842 | D:10     | Noticed a gargoyle
  7852 | D:10     | Killed a gargoyle
  7852 | D:10     | Reached ***** piety under Okawaru
  7862 | D:10     | Found a runed door.
  7879 | D:10     | Killed a sixfirhy
  7879 | D:10     | Reached skill level 9 in Fighting
  7920 | D:11     | Noticed a death knight
  7938 | D:10     | Reached XP level 11. HP: 28/71 MP: 3/11
  8132 | D:11     | Found Fom Esim's Food Shoppe.
  8164 | D:11     | Reached skill level 10 in Fighting
  8174 | D:11     | Noticed a manticore
  8185 | D:11     | Killed a manticore
  8185 | D:11     | Reached skill level 10 in Shields
  8326 | D:11     | Noticed a necromancer
  8326 | D:11     | Noticed a hill giant
  8598 | D:10     | Killed a death knight
  8598 | D:10     | Received a gift from Okawaru
  8603 | D:10     | Reached skill level 11 in Fighting
  8833 | D:11     | Killed a necromancer
  8888 | D:11     | Gained mutation: You have large cloven feet. [potion of beneficial mutation]
  8901 | D:11     | Killed a hill giant
  9121 | D:11     | Found a staircase to the Lair.
  9131 | D:11     | Found Bajewn's Gadget Shop.
  9411 | D:12     | Reached skill level 1 in Invocations
  9473 | D:12     | Found a staircase to the Orcish Mines.
  9563 | D:12     | Reached ****** piety under Okawaru
  9693 | D:12     | Noticed a hill giant
  9706 | D:12     | Killed a hill giant
  9706 | D:12     | Reached XP level 12. HP: 56/80 MP: 4/13
  9865 | D:12     | Noticed a tengu reaver
  9876 | D:12     | Killed a tengu reaver
  9876 | D:12     | Reached skill level 12 in Fighting
 10097 | D:12     | Received a gift from Okawaru
 10097 | D:12     | Reached skill level 5 in Armour
 10287 | D:13     | Noticed Urug
 10295 | D:13     | Noticed Snorg
 10320 | D:13     | Killed Snorg
 10465 | D:13     | Killed Urug
 10504 | D:13     | Reached skill level 5 in Invocations
 10542 | D:13     | Received a gift from Okawaru
 10980 | D:12     | Reached skill level 13 in Fighting
 11009 | D:13     | Reached XP level 13. HP: 88/88 MP: 6/18
 11405 | D:14     | Found a portal to a secret trove of treasure.
 11428 | D:14     | Received a gift from Okawaru
 11773 | D:14     | Got a steaming brass amulet
 11851 | D:14     | Found a gate to the Vaults.
 11977 | D:14     | Identified the amulet "Ciestrioga" {Fragile rPois rC+ Regen+} (You took it off a wizard on level 14 of the Dungeon)
 12101 | D:15     | Entered Level 15 of the Dungeon
 12189 | D:15     | Reached skill level 14 in Fighting
 12277 | D:15     | Found a staircase to the Depths.
 12297 | D:15     | Killed from afar by an ogre mage

Skill      XL: |  1  2  3  4  5  6  7  8  9 10 11 12 13 |
---------------+----------------------------------------+-----
Maces & Flails | 3 4 5 6 7 10 11 12 | 12.0
Fighting       | 6 9 11 13 14 | 14.2
Shields        | 6 9 11 | 11.3
Invocations    | 2 6 9 |  9.2
Armour         | 4 7 9 |  9.9

Action                   |  1- 3 |  4- 6 |  7- 9 | 10-12 | 13-15 || total
-------------------------+-------+-------+-------+-------+-------++-------
Melee: Flail             |   149 |   201 |   240 |       |       ||   590
       Demon whip        |       |       |   161 |   720 |   359 ||  1240
Invok: Heroism           |       |       |       |     4 |     1 ||     5
  Use: Potion            |       |     1 |     1 |     4 |       ||     6
       Scroll            |       |       |     6 |    23 |     2 ||    31
 Stab: Confused          |       |       |       |       |     2 ||     2
  Eat: Chunk             |     2 |     5 |    11 |    15 |     4 ||    37
       Beef jerky        |       |       |     1 |       |       ||     1
Armor: Scale mail        |    92 |   133 |   137 |   239 |   196 ||   797
Dodge: Dodged            |    59 |    87 |    62 |   138 |   146 ||   492
Block: Shield            |   102 |   134 |   131 |   168 |       ||   535
       Buckler           |       |       |       |    82 |   167 ||   249
